 Dungeon Crawl Stone Soup version 0.26-a0-83-g7ccd015ce0 (webtiles) character file.

Game seed: 9955224755108739343

3276 ICC the Slicer (level 10, -6/49 HPs)
             Began as a Vine Stalker Fighter on June 16, 2020.
             Was a Follower of Wu Jian.
             Killed from afar by a gargoyle (8 damage)
             ... with a stone arrow
             ... on level 7 of the Dungeon.
             The game lasted 00:24:24 (5660 turns).

ICC the Slicer (Vine Stalker Fighter)               Turns: 5660, Time: 00:24:25

Health: -6/49      AC: 14    Str: 18    XL:     10   Next: 0%
Magic:  0/23       EV:  1    Int:  9    God:    Wu Jian [*.....]
Gold:   238        SH:  0    Dex: 17    Spells: 25/25 levels left

rFire    + . .     SeeInvis .   w - +0 rapier
rCold    + . .     Gourm    .   (no shield)
rNeg     . . .     Faith    .   C - +1 gold dragon scales "Tiacefoa" {rPois rF+ rC+ Regen+ Str-3 Dex+3 Stlth+} (curse)
rPois    +         Spirit   +   (no helmet)
rElec    .         Reflect  .   (no cloak)
rCorr    +         Harm     .   (no gloves)
MR       +....                  (no boots)
Stlth    ..........             y - amulet of the acrobat
HPRegen  0.96/turn              l - ring of resist corrosion
MPRegen  0.18/turn              (no ring)

@: no status effects
A: fangs 3, regeneration 1, magic shield, antimagic bite, no potion heal 3, rot
immunity
a: Renounce Religion


You were on level 7 of the Dungeon.
You worshipped Wu Jian.
Wu Jian was aware of your devotion.
You were not hungry.

You visited 1 branch of the dungeon, and saw 7 of its levels.

You collected 238 gold pieces.

Inventory:

Hand Weapons
 a - a +1 dagger of venom
 p - a +0 short sword of speed
 s - a +1 dagger of speed
 w - a +0 rapier (weapon)
Missiles
 h - 21 boomerangs (quivered)
Armour
 C - the cursed +1 gold dragon scales "Tiacefoa" (worn) {rPois rF+ rC+ Regen+ Str-3 Dex+3 Stlth+}
   (You found it on level 6 of the Dungeon)

   It affects your strength (-3).
   It affects your dexterity (+3).
   It protects you from fire.
   It protects you from cold.
   It protects you from poison.
   It increases your rate of regeneration.
   It makes you more stealthy.
   It has a curse placed upon it.
Magical Staves
 e - an uncursed staff of energy
Jewellery
 l - a ring of resist corrosion (left hand)
 y - an amulet of the acrobat (around neck)
 A - an uncursed ring of ice
Wands
 r - a wand of iceblast (5)
Scrolls
 c - a scroll of magic mapping
 g - 2 scrolls of fear
 i - a scroll of teleportation
 k - 2 scrolls of remove curse
 n - a scroll of enchant weapon
 q - a scroll of amnesia
 x - a scroll of enchant armour
Potions
 b - a potion of stabbing
 d - 2 potions of might
 m - 2 potions of haste
 o - 2 potions of flight
 t - 5 potions of lignification
 v - 2 potions of curing
Comestibles
 f - 13 rations
 j - a chunk of flesh


   Skills:
 - Level 3.0 Fighting
 - Level 10.0 Short Blades
 + Level 2.9 Armour
   Level 2.6 Shields
 + Level 8.2 Spellcasting


You had 25 spell levels left.
You didn't know any spells.
Your spell library was empty.

Dungeon Overview and Level Annotations

Branches:
Dungeon (7/15)             Temple (0/1) D:6

Altars:
Ashenzari
Fedhas
Hepliaklqana
Okawaru
Qazlal
Ru
Trog
Vehumet
Wu Jian
Xom
Yredelemnul
The Shining One


Innate Abilities, Weirdness & Mutations

You have razor-sharp teeth.
Your natural rate of healing is unusually fast.
When hurt, damage is shared between your health and your magic reserves.
Your bite disrupts and absorbs the magic of your enemies.
Potions cannot restore your health.
You are immune to rotting.


Message History

You barely miss the gargoyle.
The gargoyle is heavily damaged.
The gargoyle hurls a stone arrow at you.
The stone arrow hits you!
* * * LOW HITPOINT WARNING * * *
You hit the gargoyle but do no damage.
You bite the gargoyle, but do no damage.
The gargoyle is heavily damaged.
Okay, then.
Your gold dragon scales "Tiacefoa" prevents you from hitting the gargoyle.
You bite the gargoyle! You drain its power.
You feel invigorated.
The gargoyle is almost destroyed.
The gargoyle hurls a stone arrow at you.
The stone arrow hits you!
* * * LOW HITPOINT WARNING * * *
You hit the gargoyle but do no damage. Your bite misses the gargoyle.
The gargoyle is almost destroyed.
The gargoyle hurls a stone arrow at you.
The stone arrow hits you!
You die...

###.### #.# #.<...#
#.#
####.....######.##
#.........?......#
##.....###.##..#
#.....# #.##..#
###.### #[##..# # #
##.#####.##..#.#
#.#
#.@......##..#.#
#.#
#..9...........# ..
#..########..#####.
## #..# #..(.....
.## #..#
#######.###### ..#
#..> ........# ..#
#.## #####.#.##
#.### .. ..###.#
#...# ###.#.##


You could see a gargoyle.

Vanquished Creatures
  Pikel (D:7)
  Sigmund (D:3)
  A black bear (D:6)
  An orc warrior (D:6)
  An ice beast (D:6)
  3 phantoms
  4 ogres
  A centaur (D:7)
  A big kobold (D:7)
  2 bullfrogs
  A water moccasin zombie (D:6)
  A scorpion (D:6)
  A wyvern skeleton (D:4)
  6 killer bees (D:5)
  A howler monkey (D:7)
  2 hounds
  A bullfrog skeleton (D:6)
  A jelly (D:6)
  7 orc priests
  5 orc wizards
  Jessica (D:3)
  Natasha (thrice) (D:3)
  2 iguanas
  7 worker ants
  A howler monkey zombie (D:5)
  2 worker ant zombies
  A howler monkey skeleton (D:4)
  11 adders
  3 oozes
  An adder zombie (D:6)
  2 adder skeletons (D:5)
  3 worms
  4 dart slugs
  2 leopard geckos
  14 orcs
  4 bats
  8 giant cockroaches
  5 goblins
  8 hobgoblins
  10 jackals
  A quokka (D:6)
  4 frilled lizards
  10 kobolds
  A leopard gecko zombie (D:6)
  A quokka skeleton (D:5)
  9 rats
160 creatures vanquished.

Vanquished Creatures (others)
  A slave (D:7)
  2 orc priests (D:7)
  An orc (D:7)
4 creatures vanquished.

Grand Total: 164 creatures vanquished

Notes
Turn   | Place    | Note
-------+----------+-------------------------------------------
     0 | D:1      | ICC the Vine Stalker Fighter began the quest for the Orb.
     0 | D:1      | Reached XP level 1. HP: 11/11 MP: 2/2
    26 | D:1      | Reached skill level 1 in Spellcasting
    47 | D:1      | Reached XP level 2. HP: 9/16 MP: 2/5
   238 | D:1      | Reached XP level 3. HP: 15/19 MP: 7/7
  1031 | D:2      | Reached skill level 2 in Short Blades
  1041 | D:2      | Gained mutation: Your natural rate of healing is unusually
                  | fast. [Vine Stalker growth]
  1041 | D:2      | Reached XP level 4. HP: 17/23 MP: 7/9
  1046 | D:2      | Found a blossoming altar of Fedhas.
  1046 | D:2      | Found a bloodstained altar of Trog.
  1046 | D:2      | Found an iron altar of Okawaru.
  1046 | D:2      | Found a sacrificial altar of Ru.
  1133 | D:2      | Found a glowing golden altar of the Shining One.
  1464 | D:2      | Found a shimmering altar of Xom.
  2001 | D:3      | Noticed Natasha
  2006 | D:3      | Killed Natasha
  2006 | D:3      | Reached XP level 5. HP: 28/28 MP: 11/11
  2029 | D:3      | Found a basalt altar of Yredelemnul.
  2073 | D:3      | Noticed Sigmund
  2088 | D:3      | Killed Sigmund
  2088 | D:3      | Reached skill level 3 in Short Blades
  2088 | D:3      | Reached XP level 6. HP: 14/32 MP: 8/13
  2213 | D:3      | HP: 1/32 [orc/+2 war axe of freezing (3)]
  2273 | D:3      | Reached skill level 4 in Short Blades
  2273 | D:3      | Reached skill level 5 in Spellcasting
  2341 | D:3      | Reached XP level 7. HP: 29/36 MP: 12/15
  2397 | D:3      | Noticed Natasha
  2402 | D:3      | Killed Natasha
  2428 | D:3      | Found a stormy altar of Qazlal.
  2459 | D:3      | Found a hazy altar of Hepliaklqana.
  2530 | D:3      | Noticed Jessica
  2538 | D:3      | Killed Jessica
  2592 | D:3      | Noticed Natasha
  2599 | D:3      | Killed Natasha
  3160 | D:4      | Reached skill level 5 in Short Blades
  3513 | D:4      | Found a shattered altar of Ashenzari.
  3525 | D:4      | Got an ichor-stained ring mail
  3535 | D:4      | Identified the +1 ring mail "Qafuifec" {-Tele Dex+5} (You
                  | found it on level 4 of the Dungeon)
  3763 | D:4      | Gained mutation: You have razor-sharp teeth. [Vine Stalker
                  | growth]
  3763 | D:4      | Reached XP level 8. HP: 34/40 MP: 15/18
  3807 | D:5      | Entered Level 5 of the Dungeon
  3878 | D:5      | Found a radiant altar of Vehumet.
  3942 | D:5      | Found a radiant altar of Vehumet.
  4030 | D:5      | Reached skill level 6 in Short Blades
  4449 | D:6      | Found an ornate altar of the Wu Jian Council.
  4457 | D:6      | Became a worshipper of the Wu Jian Council
  4554 | D:6      | Found a staircase to the Ecumenical Temple.
  4624 | D:6      | Reached skill level 7 in Short Blades
  4624 | D:6      | Reached XP level 9. HP: 44/44 MP: 20/22
  4764 | D:6      | Reached skill level 8 in Short Blades
  5228 | D:6      | Got smoking gold dragon scales
  5238 | D:6      | Identified the cursed +1 gold dragon scales "Tiacefoa"
                  | {rPois rF+ rC+ Regen+ Str-3 Dex+3 Stlth+} (You found it on
                  | level 6 of the Dungeon)
  5344 | D:7      | Reached * piety under Wu Jian
  5352 | D:7      | Reached skill level 9 in Short Blades
  5385 | D:7      | Noticed Pikel
  5405 | D:7      | Killed Pikel
  5407 | D:7      | Reached skill level 10 in Short Blades
  5615 | D:7      | Reached XP level 10. HP: 48/49 MP: 23/23
  5649 | D:7      | Noticed a gargoyle
  5659 | D:7      | HP: 1/49 [gargoyle/stone arrow (7)]
  5660 | D:7      | Killed from afar by a gargoyle

Illustrated notes

Levels and vault maps discovered:
D:1:      dpeg_arrival_arbitrary_c, layout_basic, minmay_split_cup_large
D:2:      layout_basic, tso_metal_star,
          chequers_temple_overflow_statue_of_worship,
          nicolae_overflow_hidden_temple, first_ration
D:3:      layout_loops_corners, yredelemnul_altar_generic,
          overflow_temple_1_default, overflow_temple_1_default, uniq_sigmund,
          uniq_jessica, uniq_natasha
D:4:      layout_rooms, lemuel_doored_altar, st_stairs_4,
          palyth_stone_intersect, kennysheep_crisscross, hex_medium,
          hangedman_decor_points
D:5:      layout_gridville, vehumet_crystals, basic_altar, minivault_14
D:6:      minmay_clustersquares, layout_basic, lemuel_coloured_pillars_altar,
          temple_hall, minmay_misc_feat_tower
D:7:      layout_loops_ring, grunt_ogre_cave, uniq_crazy_yiuf_cottage,
          uniq_pikel

Skill      XL: |  1  2  3  4  5  6  7  8  9 |
---------------+----------------------------+-----
Spellcasting   | 1 2 3 4 5 6 8 |  8.2
Short Blades   | 2 3 4 5 7 10 | 10.0
Fighting       | 3 |  3.0
Armour         | |  2.9
Shields        | |  2.6

Action                   |  1- 3 |  4- 6 |  7- 9 | 10-12 || total
-------------------------+-------+-------+-------+-------++-------
Melee: Rapier            |    32 |       |    63 |     7 ||   102
       Bite              |    19 |    44 |   146 |     4 ||   213
       Short sword       |    50 |       |       |       ||    50
       Dagger            |    22 |   132 |   300 |       ||   454
Throw: Boomerang         |     1 |     1 |    15 |       ||    17
Invok: Lunge             |       |       |    17 |       ||    17
Evoke: Wand              |       |       |     7 |       ||     7
  Use: Scroll            |       |       |    15 |     1 ||    16
       Potion            |       |       |     1 |       ||     1
  Eat: Chunk             |       |     5 |    10 |       ||    15
Armor: Scale mail        |    30 |    34 |     1 |       ||    65
       Ring mail         |       |       |    61 |       ||    61
       Gold dragon scale |       |       |    39 |     1 ||    40
Dodge: Dodged            |    49 |    52 |   103 |       ||   204

Table legend:
 A = Non-vault XP
 B = Vault XP
 C = Vault XP percentage of total XP
 D = Non-vault monster count
 E = Vault monster count
 F = Vault count percentage of total count
                 A         B        C        D         E       F
            +---------+---------+-------+---------+---------+-------
      Total |    3169 |    1511 |  32.3 |     144 |      17 |  10.6
            +---------+---------+-------+---------+---------+-------
        D:1 |      55 |       5 |   8.3 |      25 |       4 |  13.8
        D:2 |      87 |       0 |   0.0 |      26 |       0 |   0.0
        D:3 |     383 |     292 |  43.3 |      27 |       3 |  10.0
        D:4 |     489 |       3 |   0.6 |       8 |       1 |  11.1
        D:5 |     629 |       0 |   0.0 |      22 |       0 |   0.0
        D:6 |     828 |     538 |  39.4 |      15 |       8 |  34.8
        D:7 |     698 |     673 |  49.1 |      21 |       1 |   4.5
            +---------+---------+-------+---------+---------+-------
